[Event "MČR mládeže v rapid šachu 2024 H10"]
[Site "Harrachov, Czech Republic"]
[Date "????.??.??"]
[Round "7.1"]
[White "Vo Daniel"]
[Black "Zidek Damian"]
[Result "1-0"]
[TimeControl "20+5"]
[WhiteFideId "23761229"]
[BlackFideId "23761652"]
[WhiteElo "1679"]
[BlackElo "1763"]

1. e4 e6 2. Nf3 d5 3.
Nc3 Nf6 4. e5 Nfd7 5. d4 c5 6. dxc5 Bxc5 7. Bd3 Nc6 8. Bf4 b6 9. O-O h6 10. Bg3 O-O 11. a3 a6 12. b4 Be7 13.
b5 axb5 14. Nxb5 Ba6 15. a4 Nc5 16.
Be2 Na7 17. Nfd4 Qd7 18. Kh1 Nxb5 19. Nxb5 Nxa4 20. c4 Bxb5 21. cxb5 Nc3 22. Qd3 Nxe2 23. Qxe2 Qb7 24. Ra6 Ra7 25.
Rfa1 Rfa8 26. Qa2 Rxa6 27. bxa6 Qa7 28. Qe2 Qc7 29. f4 Ra7 30. Qb5 Bc5 31. h3 Qc8 32. Qd3 g6 33. Bh4 Qd7 34.
Bf6 Be7 35. Bxe7 Qxe7 36. Qb5 Qc5 37. Qe8+ Kg7 38. Qb8 Qe7 39. Qxb6 Qd7 40. Kh2 Qe7 41. Rc1 Qh4 42. g3 Qe7 43.
Rc2 Qd7 44. Ra2 g5 45. Qd6 Qxd6 46. exd6 Kf8 47. Rb2 Ke8 48. Rb8+ Kd7 49. Rb7+ 1-0



[ePGN "0.1;DGT LiveChess/2.2.6"]

[Event "MČR mládeže v rapid šachu 2024 H10"]
[Site "Harrachov, Czech Republic"]
[Date "????.??.??"]
[Round "7.2"]
[White "Strihavka Petr"]
[Black "Lutskiy Mikhail"]
[Result "0-1"]
[TimeControl "20+5"]
[WhiteFideId "23760702"]
[BlackFideId "23744308"]
[WhiteElo "1546"]
[BlackElo "1729"]

1. e4 c5 2. Nf3 g6 3. d4 cxd4 4. Nxd4 Bg7 5. Nc3 Nc6 6. Be3 Nf6 7. Be2 O-O 8. O-O d6 9. h3 Bd7 10.
Qd2 Re8 11. Rad1 Rc8 12. f4 Qc7 13. Ncb5 Qb8 14. Nc3 a6 15. Nxc6 Bxc6 16. Bf3 b5 17. a3 Red8 18. Nd5 Bxd5 19.
exd5 Qc7 20. c3 Nd7 21. Qf2 Nc5 22. Rfe1 Re8 23. Bg4 Rcd8 24. Bf3 e5 25. dxe6 Rxe6 26. Bd5 Ree8 27. Bd4 Rxe1+ 28. Qxe1 Bh6 29. Qh4 Bg7 30.
Bxg7 Kxg7 31. f5 Nd7 32. fxg6 hxg6 33. Rd4 Re8 34. Qf2 Nf6 35. Ba2 Re5 36. Rf4 Qe7 37. g4 Re1+ 38. Kg2 Re2 39. Rxf6 Rxf2+ 40. Rxf2 Qe4+ 41.
Kg3 f5 42. gxf5 gxf5 0-1



[ePGN "0.1;DGT LiveChess/2.2.6"]

[Event "MČR mládeže v rapid šachu 2024 H10"]
[Site "Harrachov, Czech Republic"]
[Date "????.??.??"]
[Round "7.3"]
[White "Temirbek Amirali"]
[Black "Bucek Vit"]
[Result "0-1"]
[TimeControl "20+5"]
[WhiteFideId "447019808"]
[BlackFideId "23750812"]
[WhiteElo "1514"]
[BlackElo "1586"]

1. e4 c5 2. Nf3 Nc6 3. d4 cxd4 4.
Nxd4 g6 5. c4 Bg7 6. Be3 d6 7. Nc3 Nf6 8. Be2 O-O 9. O-O Bd7 10. Re1 Ne5 11. Qc2 Bc6 12. Rad1 Ned7 13. b4 Nb6 14.
Nxc6 bxc6 15. c5 Nc8 16. e5 Nd5 17. Nxd5 cxd5 18. exd6 exd6 19. Rxd5 Qc7 20. Qe4 Rb8 21. Rc1 Qb7 22.
cxd6 Nxd6 23. Qd3 Nf5 24. Bc5 Rfe8 25. Bf3 Qc8 26. Rd7 Rxb4 27. Qd5 Ne7 28. Qd6 Rd4 29. Rxe7 Rxd6 30. Rxe8+ Qxe8 31.
Bxd6 Bf8 32. Bb7 Qd7 33. Bxf8 Qxb7 0-1



[ePGN "0.1;DGT LiveChess/2.2.6"]

[Event "MČR mládeže v rapid šachu 2024 H10"]
[Site "Harrachov, Czech Republic"]
[Date "????.??.??"]
[Round "7.4"]
[White "Macharacek Jakub"]
[Black "Skoloud Josef"]
[Result "0-1"]
[TimeControl "20+5"]
[WhiteFideId "23766697"]
[BlackFideId "23744111"]
[WhiteElo "1584"]
[BlackElo "1683"]

1. e4 e5 2. Nf3 Nc6 3. Bc4 Nf6 4. d3 Be7 5. Be3 d6 6.
h3 O-O 7. O-O Be6 8. Nbd2 Qd7 9. c3 Rad8 10. Re1 d5 11. exd5 Nxd5 12. d4 Nxe3 13. fxe3 e4 14. Bxe6 Qxe6 15.
Nh2 Bg5 16. c4 Qg6 17. Qe2 Nb4 18. Nb3 Nd3 19. Rf1 h5 20. g4 h4 21. Rf5 Qh6 22. Nf1 c6 23. Nc5 g6 24. Rxg5 Qxg5 25.
Nxd3 exd3 26. Qxd3 Qf6 27. Rd1 c5 28. Nh2 cxd4 29. exd4 Qb6 30. b3 Rfe8 31. Nf3 Qf6 32. Kg2 Qc6 33. Kf2 Qb6 34. Rd2 Qc7 35. Kf1 0-1



[ePGN "0.1;DGT LiveChess/2.2.6"]

[Event "MČR mládeže v rapid šachu 2024 H10"]
[Site "Harrachov, Czech Republic"]
[Date "????.??.??"]
[Round "7.5"]
[White "Stepnicka Filip"]
[Black "Zelenka Tomas"]
[Result "0-1"]
[TimeControl "20+5"]
[WhiteFideId "23771542"]
[BlackFideId "23750200"]
[WhiteElo "1531"]
[BlackElo "1607"]

1. e4 c5 2. Nf3 Nc6 3. c4 g6 4. d4 cxd4 5. Nxd4 Bg7 6. Be3 Nf6 7. Nc3 Ng4 8. Nxc6 Nxe3 9. Nxd8 Nxd1 10.
Nxf7 Nxc3 11. Nxh8 Bxh8 12. f3 Na4 13. O-O-O Nxb2 14. Rd2 Na4 15. Be2 Bg7 16. Rd3 Nc5 17. Rd5 d6 18. Rdd1 Be6 19.
Rhe1 Rc8 20. Kb1 Na4 21. Rc1 Nc3+ 22. Kc2 Nxe2 23. Rxe2 Bxc4 24. Ree1 Bxa2+ 25. Kd1 Bb3+ 26. Ke2 Rxc1 27.
Rxc1 Kd7 28. Kd3 a5 29. Rb1 a4 30. f4 a3 31. Rxb3 a2 32. Rxb7+ Kc6 33. Ra7 a1=Q 34. Rxa1 Bxa1 35.
g4 Kd7 0-1



[ePGN "0.1;DGT LiveChess/2.2.6"]

[Event "MČR mládeže v rapid šachu 2024 H10"]
[Site "Harrachov, Czech Republic"]
[Date "????.??.??"]
[Round "7.6"]
[White "Trejbal Jindrich"]
[Black "Vratny Vojtech"]
[Result "1/2-1/2"]
[TimeControl "20+5"]
[WhiteFideId "23743948"]
[BlackFideId "23753692"]
[WhiteElo "1631"]
[BlackElo "1591"]

1. d4 Nf6 2. f4 d6 3. Nf3 g6 4. e3 Bg7 5. Bd3 O-O 6. O-O Nbd7 7. c3 c5 8. b3 Re8 9. Bb2 b6 10.
Qd2 Bb7 11. Bc2 Be4 12. Bxe4 Nxe4 13. Qd3 Nef6 14. d5 Nf8 15. Nbd2 Qd7 16. h3 h5 17. Rab1 Rac8 18. c4 Qf5 19.
Qxf5 gxf5 20. Nh4 e6 21. Rf3 Ng6 22. Nxg6 fxg6 23. Rg3 Kf7 24. dxe6+ Rxe6 25. Nf3 Ne4 26. Ng5+ Nxg5 27. fxg5 Bxb2 28.
Rxb2 Rce8 29. Kf2 Re4 30. Rd2 Ke6 31. Rf3 Kd7 32. Rf4 Rxf4+ 33. exf4 Re4 34. g3 Kc6 1/2-1/2



[ePGN "0.1;DGT LiveChess/2.2.6"]

[Event "MČR mládeže v rapid šachu 2024 H10"]
[Site "Harrachov, Czech Republic"]
[Date "????.??.??"]
[Round "7.7"]
[White "Bukovskij Dmitri"]
[Black "Krivka Lukas"]
[Result "1-0"]
[TimeControl "20+5"]
[WhiteFideId "23749660"]
[BlackFideId "23752092"]
[WhiteElo "1700"]
[BlackElo "1489"]

1. d4 d5 2. c4 e6 3.
Nc3 Nf6 4. cxd5 exd5 5. Bg5 Be7 6. e3 c6 7. Qc2 O-O 8.
Bd3 h6 9. Bf4 Bd6 10. Bxd6 Qxd6 11. Nf3 Be6 12. O-O Nbd7 13.
Rac1 a6 14. Nd2 c5 15. dxc5 Nxc5 16. Nb5 axb5 17. Qxc5 Qxc5 18. Rxc5 Rxa2 19. Rxb5 Ra7 20. Nb3 Bd7 21. Rb4 Bc6 22.
Bb5 Rc8 23. Rc1 Ne8 24. Bxc6 bxc6 25. Rb6 Rac7 26. Nc5 Ra7 27. Nd3 c5 28. h3 c4 29. Nf4 Rd7 30. Rd1 Rcd8 31. Rc6 Nf6 32.
f3 Rb8 33. Rd2 Re8 34. Kf2 Red8 35. Ne2 Rd6 36. Rc5 R6d7 37. Nd4 Rd6 38. Nf5 R6d7 39. Nd4 Rd6 40. Nc6 R8d7 41. Ne5 Rd8 42. Rc7 Nd7 43. Nxc4 Re6 44. Na5 Ree8 45. Nc6 Rc8 46.
Rxd7 Rxc6 47. R7xd5 Kh7 48. e4 Rb6 49. Rd7 Kg6 50. R7d6+ Rxd6 51. Rxd6+ f6 52. Ke3 Rb8 53. Rd2 Rb3+ 54. Kf4 Rb5 55. g4 Kf7 56. h4 g5+ 57. hxg5 hxg5+ 58. Kg3 Kg6 59. Kf2 Rb3 60. Ke2 Rb4 61. Rc2 Rb3 62.
Kf2 Rb4 63. Ke2 Rb3 64. Rc3 Rxb2+ 65. Ke3 Rb1 66. Kd4 Rd1+ 67.
Rd3 Ra1 68. Kd5 Ra5+ 69. Ke6 Ra6+ 70.
Rd6 Ra7 71. e5 fxe5 72. Kxe5+ Kg7 73. Rd5 Re7+ 74. Kd6 Rf7 75. Rxg5+ Kh6 76. Rf5 Ra7 77. Ke5 Kg6 78. Kf4 Ra4+ 79. Kg3 Ra3 80. Kh4 Ra1 81. Kg3 Ra3 82. Re5 Kf6 83. Re4 Kg5 84.
Re5+ Kf6 85. Rd5 Kg6 86. Kf4 Rb3 87.
Rd4 Ra3 88. Ke4 Ra8 89. f4 Re8+ 90.
Kf3 Re1 91. Kf2 Ra1 92. Rd6+ Kg7 93.
Kg3 Ra3+ 94. Kh4 Ra4 95. Kg5 Ra7 96. f5 Rf7 97. Rg6+ Kh7 98. Rf6 Ra7 99. Rh6+ Kg7 100. f6+ Kg8 101. Kg6 Ra6 102.
g5 Ra7 103. Rh4 Rg7+ 104. Kf5 Ra7 105. Re4 Ra5+ 106. Re5 Kf8 107. g6 Ra7 108. g7+ Kg8 109. Re8+ 1-0



[ePGN "0.1;DGT LiveChess/2.2.6"]

[Event "MČR mládeže v rapid šachu 2024 H10"]
[Site "Harrachov, Czech Republic"]
[Date "????.??.??"]
[Round "7.8"]
[White "Hlavacek Pavel"]
[Black "Burel Jan"]
[Result "0-1"]
[TimeControl "20+5"]
[WhiteFideId "23761768"]
[BlackFideId "23754907"]
[WhiteElo "1641"]
[BlackElo "1566"]

1. d4 f5 2. c4 g6 3. Nc3 Nf6 4. Nf3 d6 5. g3 Bg7 6. Bg2 c6 7. O-O O-O 8. b3 Na6 9. a3 Qe8 10. Bb2 e5 11. e3 e4 12.
Nd2 Ng4 13. h3 Nf6 14. b4 Bd7 15. Qb3 Kh8 16. Ne2 g5 17. a4 h5 18. Ba3 Qe6 19. c5 d5 20. b5 Nb8 21. Rab1 h4 22.
gxh4 gxh4 23. Nf4 Qf7 24. Kh1 Bh6 25. Rg1 Nh5 26. Nxh5 Qxh5 27. Qd1 Qe8 28. bxc6 bxc6 29. Bf1 f4 30.
Qe2 f3 31. Qd1 Rg8 32. Rxg8+ Qxg8 33. Rb7 Bxe3 34. fxe3 f2 35. Be2 Bxh3 36. Bg4 Bxg4 37. Qf1 Qf8 38. Rc7 Qf5 39. Qg2 Bf3 40. Nxf3 Qxf3 41. Rc8+ Kh7 42. Rc7+ Kh6 43. Kh2 Qxg2+ 44. Kxg2 Na6 45. Rxc6+ Kg5 46. Rxa6 Rf8 47. Kf1 h3 48. c6 Rf7 49. Ra5 h2 50. Rxd5+ Kg4 51. Kg2 f1=Q+ 52. Kxh2 Rf2# 0-1



[ePGN "0.1;DGT LiveChess/2.2.6"]

[Event "MČR mládeže v rapid šachu 2024 H10"]
[Site "Harrachov, Czech Republic"]
[Date "????.??.??"]
[Round "8.1"]
[White "Bucek Vit"]
[Black "Vo Daniel"]
[Result "0-1"]
[TimeControl "20+5"]
[WhiteFideId "23750812"]
[BlackFideId "23761229"]
[WhiteElo "1586"]
[BlackElo "1679"]

1. e4 c5 2. Nf3 d6 3. d4 cxd4 4. Nxd4 Nf6 5. Nc3 a6 6. f3 e5 7.
Nb3 Be6 8. Be3 Be7 9. Qd2 Nbd7 10. g4 b5 11. g5 Nh5 12.
O-O-O Rc8 13. h4 Nb6 14. Kb1 Nc4 15. Bxc4 bxc4 16. Nc1 Rb8 17. N1e2 Qa5 18. Ka1 O-O 19. Nd5 Qd8 20. Rhg1 a5 21.
Ng3 Nxg3 22. Rxg3 Bxd5 23. exd5 a4 24. h5 a3 25. b3 cxb3 26. axb3 f5 27. f4 Qc7 28. fxe5 dxe5 29. Rgg1 Bb4 30.
Qd3 e4 31. d6 Qc3+ 32. Qxc3 Bxc3+ 33. Ka2 f4 34. Bc5 e3 35. d7 Rfd8 36. Be7 e2 37. Rd3 e1=Q 38. Rxe1 Bxe1 39. Bxd8 Rxd8 40. Kxa3 Kf7 41. Rf3 Bd2 42.
Rd3 Be3 43. c4 Ke7 44. Rd1 Rxd7 45. Rf1 Ke6 46. b4 Kf5 47. c5 Rc7 48. Rd1 f3 49. Kb3 f2 50. Kc4 Kf4 51. Kb5 Kf3 52.
Kb6 Bf4 53. b5 Ke2 54. Ra1 f1=Q 55. Rxf1 Kxf1 56. c6 Kg2 57. Kc5 Kg3 58. b6 Re7 59. Kd5 Kg4 60. g6 h6 61. Kd4 Be3+ 62.
Kd5 Bxb6 63. Kd6 Rc7 64.
Kd5 Kxh5 65. Kd6 Kxg6 66. Kd5 h5 67. Kd6 h4 68. Kd5 Rxc6 69. Ke5 h3 70. Kf4 h2 71. Kg3 Bc7+ 72. Kg2 Rc2+ 73.
Kh1 Rc1+ 74. Kg2 h1=Q+ 75. Kf2 Rc2+ 76. Ke3 Qh3+ 77. Kd4 Qc3+ 78. Ke4 Re2+ 79. Kd5 Re5# 0-1



[ePGN "0.1;DGT LiveChess/2.2.6"]

[Event "MČR mládeže v rapid šachu 2024 H10"]
[Site "Harrachov, Czech Republic"]
[Date "????.??.??"]
[Round "8.2"]
[White "Zelenka Tomas"]
[Black "Zidek Damian"]
[Result "0-1"]
[TimeControl "20+5"]
[WhiteFideId "23750200"]
[BlackFideId "23761652"]
[WhiteElo "1607"]
[BlackElo "1763"]

1. e4 e6 2. d4 d5 3. Nd2 c5 4. c3 Nc6 5. Ngf3 Bd7 6.
Be2 Rc8 7. O-O cxd4 8. Nxd4 Nf6 9. exd5 exd5 10. Re1 Be7 11. Nxc6 bxc6 12. Nb3 O-O 13. Bf4 Qb6 14. Bd3 Rfe8 15.
Be5 c5 16. Bxf6 Bxf6 17. Qh5 g6 18. Qxd5 Be6 19. Qf3 Bg7 20. Be4 c4 21. Nc1 Bd5 22. Qg4 h5 23. Qh3 Rc7 24. Qh4 Rce7 25.
a3 Rxe4 26. Rxe4 Rxe4 27. Qd8+ Qxd8 28. Na2 Qe7 29. Kf1 0-1



[ePGN "0.1;DGT LiveChess/2.2.6"]

[Event "MČR mládeže v rapid šachu 2024 H10"]
[Site "Harrachov, Czech Republic"]
[Date "????.??.??"]
[Round "8.3"]
[White "Lutskiy Mikhail"]
[Black "Skoloud Josef"]
[Result "1-0"]
[TimeControl "20+5"]
[WhiteFideId "23744308"]
[BlackFideId "23744111"]
[WhiteElo "1729"]
[BlackElo "1683"]

1. e4 e5 2. Nf3 Nc6 3. Bc4 Nf6 4. d3 Be7 5. c3 d6 6. O-O O-O 7. b4 Bg4 8. h3 Bh5 9. Nbd2 d5 10. Bb5 Qd6 11. Bxc6 bxc6 12.
Qc2 a5 13. a4 axb4 14. cxb4 Bxf3 15. Nxf3 Qxb4 16. Ba3 Qxa3 17. Rxa3 Bxa3 18. Qxc6 dxe4 19. dxe4 Bd6 20. Nh4 g6 21.
Nf3 Rab8 22. a5 Rb4 23. Re1 Rfb8 24. a6 R4b6 25. a7 Rb4 26. axb8=Q+ Rxb8 27. Nd2 Bb4 28. Qxf6 Bxd2 29. Rd1 Bc3 30.
Rd8+ Rxd8 31. Qxd8+ Kg7 32. Qxc7 Bd4 33. Kf1 h6 34. f4 exf4 35. Qxf4 g5 36. Qf5 Bc3 37. e5 Bd2 38. Qf6+ Kg8 39. Ke2 Bf4 40. Kf3 h5 41.
g4 hxg4+ 42. Kxg4 Bd2 43. Kh5 Bc1 44. Qc6 Bf4 45. e6 fxe6 46. Qxe6+ Kh7 47. Qf7+ Kh8 48. Kg6 Be5 49. Qh7# 1-0



[ePGN "0.1;DGT LiveChess/2.2.6"]

[Event "MČR mládeže v rapid šachu 2024 H10"]
[Site "Harrachov, Czech Republic"]
[Date "????.??.??"]
[Round "8.4"]
[White "Burel Jan"]
[Black "Strihavka Petr"]
[Result "1/2-1/2"]
[TimeControl "20+5"]
[WhiteFideId "23754907"]
[BlackFideId "23760702"]
[WhiteElo "1566"]
[BlackElo "1546"]

1. d4 d5 2. c4 e6 3. Nc3 Nf6 4. Bg5 Be7 5. e3 O-O 6. Nf3 b6 7. Be2 dxc4 8. Bxc4 Bb7 9. a3 Nbd7 10.
Qe2 c5 11. O-O Ne4 12. Nxe4 Bxe4 13. Bxe7 Qxe7 14. Bd3 Bxd3 15. Qxd3 Rfd8 16. Qb5 Rac8 17. Rac1 h6 18. h3 cxd4 19.
Nxd4 Qd6 20. Rfd1 Nc5 21. b4 Ne4 22. Qd3 Nf6 23. Qb1 Rxc1 24. Rxc1 Qd5 25. Qb3 Qxb3 26. Nxb3 Rd3 27. Rb1 Ne4 28.
a4 Nc3 29. Re1 Nxa4 30. Nd4 Kf8 31. Ra1 Nc3 32. Rxa7 Nd5 33. b5 g6 34. Rb7 Rd1+ 35. Kh2 Rd2 36. Kg1 h5 1/2-1/2



[ePGN "0.1;DGT LiveChess/2.2.6"]

[Event "MČR mládeže v rapid šachu 2024 H10"]
[Site "Harrachov, Czech Republic"]
[Date "????.??.??"]
[Round "8.5"]
[White "Dlouhy Martin"]
[Black "Bukovskij Dmitri"]
[Result "0-1"]
[TimeControl "20+5"]
[WhiteFideId "23773200"]
[BlackFideId "23749660"]
[WhiteElo "1648"]
[BlackElo "1700"]

1. d4 d5 2. c4 e6 3.
Nc3 Nf6 4. e3 Bb4 5. Bd2 Nc6 6.
Nf3 O-O 7. Be2 Bxc3 8. Bxc3 Ne4 9. O-O f5 10. cxd5 exd5 11. Bd3 Rf6 12. Bxe4 fxe4 13. Nd2 Rg6 14. Kh1 Qg5 15. Rg1 Bg4 16. Qb3 b6 17. Nxe4 Qf5 18. f3 Bxf3 19. Ng3 Rxg3 20.
Raf1 Bxg2+ 21. Rxg2 Qxf1+ 22. Rg1 Qxg1# 0-1



[ePGN "0.1;DGT LiveChess/2.2.6"]

[Event "MČR mládeže v rapid šachu 2024 H10"]
[Site "Harrachov, Czech Republic"]
[Date "????.??.??"]
[Round "8.6"]
[White "Stepnicka Filip"]
[Black "Trejbal Jindrich"]
[Result "1/2-1/2"]
[TimeControl "20+5"]
[WhiteFideId "23771542"]
[BlackFideId "23743948"]
[WhiteElo "1531"]
[BlackElo "1631"]

1. e4 e5 2. Nf3 Nc6 3. Bc4 Bc5 4. c3 Nf6 5. d4 exd4 6. cxd4 Bb4+ 7. Bd2 Bxd2+ 8. Nbxd2 O-O 9. O-O Re8 10. e5 d5 11. exf6 dxc4 12.
fxg7 Nxd4 13. Nxc4 Nxf3+ 14. Qxf3 Qd4 15. b3 Bg4 16. Qxb7 Be2 17. Rfc1 Bxc4 18. bxc4 Rab8 19. Qxc7 Rb2 20.
Qg3 Ree2 21. Rf1 Rxa2 22. Rad1 Rad2 23. Qb8+ Kxg7 24. Qg3+ Kh8 25. Qb8+ Kg7 26. Qg3+ Kf8 27. Qa3+ Kg7 28. Qg3+ Kf8 29. Qb8+ 1/2-1/2



[ePGN "0.1;DGT LiveChess/2.2.6"]

[Event "MČR mládeže v rapid šachu 2024 H10"]
[Site "Harrachov, Czech Republic"]
[Date "????.??.??"]
[Round "8.7"]
[White "Hovhannisyan Narek"]
[Black "Temirbek Amirali"]
[Result "0-1"]
[TimeControl "20+5"]
[WhiteFideId "23778024"]
[BlackFideId "447019808"]
[WhiteElo "1570"]
[BlackElo "1514"]

1. e4 e5 2. Nf3 Nc6 3. d4 exd4 4. Nxd4 Qf6 5. Nb5 Bc5 6. Qd2 Bb6 7. Qf4 d6 8. Bd3 a6 9. N5c3 Be6 10. Qxf6 Nxf6 11. Bg5 h6 12.
Bxf6 gxf6 13. Nd2 O-O-O 14. f3 Rhg8 15. g4 Ne5 16. Be2 d5 17. exd5 Bxd5 18. Nxd5 Rxd5 19. O-O-O Be3 20. c4 Rd4 21.
Kc2 Rgd8 22. Ne4 Nxc4 23. Bd3 Bf4 24. Bxc4 Rxc4+ 25. Kb3 Rc6 26. Rxd8+ Kxd8 27. Rd1+ Ke7 28. Re1 Kf8 29. h4 Be5 30.
Ka3 Rc2 31. b3 b5 32. Rd1 c5 33. b4 c4 34. Rb1 Re2 35. f4 Re3+ 36. Nc3 Bxc3 37. Rb3 cxb3 38. axb3 Re1 0-1



[ePGN "0.1;DGT LiveChess/2.2.6"]

[Event "MČR mládeže v rapid šachu 2024 H10"]
[Site "Harrachov, Czech Republic"]
[Date "????.??.??"]
[Round "8.8"]
[White "Sarman Damian"]
[Black "Macharacek Jakub"]
[Result "1/2-1/2"]
[TimeControl "20+5"]
[WhiteFideId "23753170"]
[BlackFideId "23766697"]
[WhiteElo "1555"]
[BlackElo "1584"]

1. d4 d5 2. c4 e6 3. Nc3 Nf6 4. cxd5 exd5 5. Bf4 Bd6 6.
Bg3 c6 7. e3 Bf5 8. Bd3 Bg6 9. Nf3 Na6 10. h3 Bxg3 11. fxg3 Nb4 12. Bxg6 fxg6 13. O-O O-O 14. a3 Na6 15.
Re1 Qd6 16. Kh2 Rae8 17. Ne5 Nc7 18. Qd3 Ne6 19. Rad1 Ng5 20. Ne2 Nge4 21. Rf1 Rd8 22. Nc3 Rfe8 23. Nxe4 Nxe4 24. Rf3 c5 25. Nf7 Qe6 26. Nxd8 Rxd8 27.
Rf4 c4 28. Qf1 Qd6 29. Rxe4 dxe4 30. Qxc4+ Kh8 31. Rf1 h5 32. h4 Kh7 33. Rf7 1/2-1/2



[ePGN "0.1;DGT LiveChess/2.2.6"]

[Event "MČR mládeže v rapid šachu 2024 H10"]
[Site "Harrachov, Czech Republic"]
[Date "????.??.??"]
[Round "9.1"]
[White "Zidek Damian"]
[Black "Bucek Vit"]
[Result "1/2-1/2"]
[TimeControl "20+5"]
[WhiteFideId "23761652"]
[BlackFideId "23750812"]
[WhiteElo "1763"]
[BlackElo "1586"]

1. d4 Nf6 2. c4 e6 3. Nc3 d5 4. cxd5 exd5 5. Bg5 Nbd7 6. e3 Be7 7. Nf3 c6 8. Bd3 O-O 9. O-O h6 10. Bh4 Re8 11. Rc1 Ne4 12. Bg3 Ndf6 13. Bxe4 dxe4 14. Nd2 Bf5 15. Be5 Bd6 16. Nc4 Bxe5 17.
Nxe5 Nd7 18. Nxd7 Qxd7 19. Qc2 Qe6 20. a3 Qg6 21. Kh1 h5 22. Ne2 Qh7 23. Ng3 g5 24. Qc5 Bg6 25. Qxg5 Kh8 26. Rc5 Re6 27. Re5 f6 28.
Qxg6 Qxg6 29. Rxe6 Rg8 30. Rg1 h4 31. Ne2 Qf5 32. Nf4 a6 33. Re7 Qb5 34. b4 Qa4 35. Nh5 Rg6 36. Re8+ Kh7 37.
Re7+ Kh6 38. g4 hxg3 39. Nxg3 Rg5 40. h4 Rxg3 41. Rxg3 Qxa3 42. Re8 Kh7 43. Re7+ Kh6 44. Rf7 Qxb4 45.
Rxf6+ 1/2-1/2



[ePGN "0.1;DGT LiveChess/2.2.6"]

[Event "MČR mládeže v rapid šachu 2024 H10"]
[Site "Harrachov, Czech Republic"]
[Date "????.??.??"]
[Round "9.2"]
[White "Bukovskij Dmitri"]
[Black "Lutskiy Mikhail"]
[Result "0-1"]
[TimeControl "20+5"]
[WhiteFideId "23749660"]
[BlackFideId "23744308"]
[WhiteElo "1700"]
[BlackElo "1729"]

1. d4 Nf6 2. c4 e6 3.
Nc3 d5 4. cxd5 exd5 5. Bg5 Be7 6. e3 O-O 7. Qc2 h6 8. Bf4 a6 9. Bd3 Be6 10. Nf3 Nbd7 11. O-O Rc8 12. Qb3 Nb6 13. a4 Rb8 14. a5 Nbd7 15. Rfc1 Nh5 16. Nxd5 Nxf4 17. exf4 Nf6 18.
Nxf6+ Bxf6 19. Qc3 c6 20. Ne5 Bd5 21. Bc4 Re8 22. Bxd5 Qxd5 23. Qc5 Qe4 24. g3 Rbd8 25. Rd1 Rd5 26.
Qc3 Red8 27. f3 Qf5 28. Kg2 c5 29. Ra4 Bxe5 30. fxe5 Qd7 31. Rc4 cxd4 32. Qd2 Rxe5 33. Qf4 Re2+ 34. Kf1 d3 35. Rc7 Qh3+ 0-1



[ePGN "0.1;DGT LiveChess/2.2.6"]

[Event "MČR mládeže v rapid šachu 2024 H10"]
[Site "Harrachov, Czech Republic"]
[Date "????.??.??"]
[Round "9.3"]
[White "Vo Daniel"]
[Black "Burel Jan"]
[Result "0-1"]
[TimeControl "20+5"]
[WhiteFideId "23761229"]
[BlackFideId "23754907"]
[WhiteElo "1679"]
[BlackElo "1566"]

1. e4 e5 2. Nf3 Nf6 3. Nxe5 d6 4. Nf3 Nxe4 5. d4 Bg4 6.
Bd3 d5 7. c4 Bb4+ 8. Nbd2 Nxd2 9. Bxd2 Bxd2+ 10. Qxd2 O-O 11. Ne5 Be6 12. cxd5 Bxd5 13. O-O f6 14. Nc4 Nc6 15. Ne3 Re8 16.
Rac1 Bxa2 17. Nf5 Ne7 18. b4 Be6 19. Ne3 Nd5 20. Nc2 Qd7 21. Ne3 a6 22. Qc2 g6 23. Nxd5 Bxd5 24. Qd2 Qg4 25.
Bc4 Qxg2# 0-1



[ePGN "0.1;DGT LiveChess/2.2.6"]

[Event "MČR mládeže v rapid šachu 2024 H10"]
[Site "Harrachov, Czech Republic"]
[Date "????.??.??"]
[Round "9.4"]
[White "Temirbek Amirali"]
[Black "Zelenka Tomas"]
[Result "1/2-1/2"]
[TimeControl "20+5"]
[WhiteFideId "447019808"]
[BlackFideId "23750200"]
[WhiteElo "1514"]
[BlackElo "1607"]

1. e4 c5 2. Nf3 Nc6 3.
d4 cxd4 4. Nxd4 g6 5. c4 Bg7 6. Be3 Nf6 7. Nc3 Ng4 8. Be2 Nxe3 9. fxe3 O-O 10. O-O Nxd4 11. exd4 Qb6 12. c5 Qxb2 13. Nb5 a6 14. Nc7 Ra7 15. e5 e6 16. Qd3 Bxe5 17. Rfd1 Bg7 18. Qc4 b5 19. cxb6 Qxb6 20.
Rac1 Bb7 21. Rb1 Qd6 22. Qc5 Qxc5 23. dxc5 Rc8 24. Rxd7 Bc6 25. Bxa6 Bxd7 26. Bxc8 Bxc8 27. Nb5 Rb7 28.
c6 Rb6 29. c7 Be5 30. a4 Bxc7 31. Rc1 Bxh2+ 32. Kxh2 Bd7 33. Rc5 Bxb5 34. Rxb5 Ra6 35. a5 Kf8 36. Kg3 Ke7 37. Kf4 f6 38.
Rb7+ Kd6 39. Rxh7 Rxa5 40. Rh6 Rg5 41. g4 e5+ 42. Kf3 Kd5 43. Rh8 Kd4 44. Rd8+ Kc3 45. Rd6 f5 46. gxf5 gxf5 47.
Rd5 e4 48. Kf4 Rh5 49. Rd1 Kc2 50. Re1 Kd2 51. Ra1 Ke2 52. Ra2+ Kd1 53. Ra1+ Kc2 54. Re1 Rh3 55. Ra1 e3 56.
Ra2+ Kb1 57. Re2 Kc1 58. Rxe3 Rxe3 59. Kxe3 Kc2 60. Kf4 Kd3 61. Kxf5 1/2-1/2



[ePGN "0.1;DGT LiveChess/2.2.6"]

[Event "MČR mládeže v rapid šachu 2024 H10"]
[Site "Harrachov, Czech Republic"]
[Date "????.??.??"]
[Round "9.5"]
[White "Skoloud Josef"]
[Black "Vratny Vojtech"]
[Result "1-0"]
[TimeControl "20+5"]
[WhiteFideId "23744111"]
[BlackFideId "23753692"]
[WhiteElo "1683"]
[BlackElo "1591"]

1. e4 c6 2. d4 d5 3. exd5 cxd5 4. c4 Nf6 5. Nc3 g6 6. Nf3 Bg7 7. Be3 O-O 8. Bd3 dxc4 9. Bxc4 Bg4 10. h3 Bxf3 11. Qxf3 Nc6 12.
Rd1 Rc8 13. O-O Na5 14. Bd3 Ne8 15. Be4 Nd6 16. Bg5 Nxe4 17. Qxe4 Re8 18. Nd5 Nc6 19. Rfe1 Bf8 20. b4 a6 21.
a4 b5 22. a5 Qd6 23. Bf4 Qd8 24. Nb6 Nxb4 25. Nxc8 Qxc8 26. Rc1 Qd7 27. Rc7 Qd5 28. Qe3 e6 29. Qc3 Bd6 30. Bxd6 Qxd6 31.
Rc5 Nd5 32. Qc1 Nb4 33. Qc3 Nd5 34. Qc1 Nb4 35. Rd1 Nd5 36. Rc6 Qb4 37. Rxa6 Nc3 38. Qd2 Qc4 39. Kh1 Nxd1 40. Qxd1 Rd8 41.
Rb6 Rxd4 42. Qb1 Qe2 43. Qxb5 Rd1+ 44. Kh2 Qxf2 45. Rb8+ Kg7 46. Qe5+ Qf6 47. Rg8+ Kxg8 48. Qxf6 Ra1 49.
Qd8+ Kg7 50. Qb6 Ra2 51. a6 e5 52. a7 e4 53. Qb8 e3 54. a8=Q e2 55. Qxa2 e1=Q 56. Qbb2+ Kg8 57. Qa8+ 1-0



[ePGN "0.1;DGT LiveChess/2.2.6"]

[Event "MČR mládeže v rapid šachu 2024 H10"]
[Site "Harrachov, Czech Republic"]
[Date "????.??.??"]
[Round "9.6"]
[White "Strihavka Petr"]
[Black "Krivka Lukas"]
[Result "0-1"]
[TimeControl "20+5"]
[WhiteFideId "23760702"]
[BlackFideId "23752092"]
[WhiteElo "1546"]
[BlackElo "1489"]

1. e4 c6 2. d4 d5 3. Nc3 dxe4 4. Nxe4 Bf5 5. Ng3 Bg6 6. h4 h6 7. Nf3 Nd7 8. h5 Bh7 9. Bd3 Bxd3 10. Qxd3 e6 11. Bf4 Qa5+ 12. Bd2 Qc7 13. O-O-O Ngf6 14.
Rhe1 Bd6 15. Nf5 Bf8 16. Ne5 Nxe5 17. dxe5 Nd5 18. Ng3 O-O-O 19. Qb3 Qb6 20. Qxb6 Nxb6 21. Ba5 Be7 22. Ne4 Kc7 23.
c4 c5 24. Rxd8 Rxd8 25. Rd1 Rxd1+ 26. Kxd1 Kc6 27. Bxb6 Kxb6 28. f4 f5 29. Nc3 a6 30. g3 Kc6 31. a4 Bd8 32. b3 Ba5 33.
Na2 b5 34. Ke2 bxa4 35. bxa4 Bb4 36. Kf3 Bd2 37. g4 fxg4+ 38. Kxg4 Kb6 39. f5 exf5+ 40. Kxf5 Bg5 41. Nc3 Ka5 42.
Ke6 Kb4 43. Kd5 Kxc3 44. Kxc5 Kb3 45. Kd5 Kxa4 46. c5 Kb5 47. Kd6 Bf4 48. c6 Bxe5+ 49. Kxe5 Kxc6 50. Kf5 Kd6 51. Kg6 Ke6 52.
Kxg7 a5 53. Kxh6 Kf7 54. Kh7 a4 55. h6 a3 56. Kh8 a2 57. Kh7 Kf8 58. Kg6 a1=Q 59. h7 Qg7+ 60. Kf5 Qxh7+ 61. Ke6 Qf7+ 62.
Kd6 Qe7+ 63. Kc6 Qd8 64. Kc5 Ke7 65. Kc6 Qd7+ 66. Kc5 Qd6+ 67. Kc4 Ke6 68. Kc3 Qf4 69. Kd3 Kd5 70. Kc3 Qd4+ 71. Kb3 Qc4+ 72. Kb2 Qd3 73. Ka2 Qb5 74. Ka1 Qb4 75.
Ka2 Kc4 76. Ka1 Qd2 77. Kb1 Kb3 78. Ka1 Qe1# 0-1



[ePGN "0.1;DGT LiveChess/2.2.6"]